 Dungeon Crawl Stone Soup version 0.27-a0-1065-ge809cff456 (webtiles) character file.

Game seed: 17330337972051445201

36 porpoise the Magician (level 3, 0/28 HPs)
             Began as a Djinni Venom Mage on Apr 22, 2021.
             Slain by a bullfrog skeleton (5 damage)
             ... on level 2 of the Dungeon.
             The game lasted 00:05:42 (2160 turns).

porpoise the Magician (Djinni Venom Mage)           Turns: 2160, Time: 00:05:43

Health: 0/28       AC:  2    Str:  7    XL:     3   Next: 37%
Gold:   103        EV: 12    Int: 17    God:
                   SH:  0    Dex: 13

rFire    + + .     SeeInvis .   a - +0 dagger (vamp)
rCold    x . .     Faith    .   (no shield)
rNeg     + . .     Spirit   .   c - +0 robe
rPois    ∞         Reflect  .   (no helmet)
rElec    .         Harm     .   f - scarf {repulsion}
rCorr    .         Rampage  .   (no gloves)
Will     .....                  (boots unavailable)
Stlth    ++........             (no amulet)
HPRegen  0.09/turn              i - ring of positive energy
MPRegen  0.00/turn              (no ring)

@: flying, repel missiles
A: fire resistance 2, cold vulnerability 1, float, innate caster, hp casting,
extra vitality 1
a: no special abilities


You were on level 2 of the Dungeon.
You visited 1 branch of the dungeon, and saw 2 of its levels.

You collected 103 gold pieces.

Inventory:

Hand Weapons
 a - a +0 vampiric dagger (weapon)
 h - a +0 short sword
Missiles
 b - 32 stones (quivered)
Armour
 c - a +0 robe (worn)
 f - a scarf of repulsion (worn)
Jewellery
 i - a ring of positive energy (left hand)
Scrolls
 j - a scroll of teleportation {unknown}
Potions
 d - a potion of haste {unknown}
 e - a potion of curing {unknown}
 g - a potion of cancellation {unknown}


   Skills:
 + Level 1.9 Fighting
 - Level 2.1 Dodging
 - Level 1.5 Stealth
 + Level 3.2 Spellcasting


You couldn't memorise any spells.
You knew the following spells:

 Your Spells              Type           Power      Damage    Failure   Level
a - Sting                 Tmut/Pois      52%        1d5       4%          1
i - Ignite Poison         Fire/Tmut/Pois 13%        N/A       13%         3
m - Mephitic Cloud        Conj/Pois/Air  13%        N/A       13%         3
n - Pain                  Necr           52%        1d6       4%          1
o - Olgreb's Toxic Radia  Pois           13%        N/A       41%         4
v - Poisonous Vapours     Pois/Air       26%        N/A       7%          2
Your spell library was empty.

Dungeon Overview and Level Annotations

Branches:
Dungeon (2/15)

Altars:


Innate Abilities, Weirdness & Mutations

You are immune to poison.
Your flesh is very heat resistant. (rF++)
You are vulnerable to cold. (rC-)
You float through the air rather than walking.
You learn spells naturally, not from books.
Your magical power is your life essence.
You have superior vitality. (+4 HP)


Message History

i - a ring of positive energy (left hand)
Found a stone staircase leading up.
Found a stone staircase leading up.
You now have 87 gold pieces (gained 7).
j - a scroll labelled TAITIF URAO You now have 103 gold pieces (gained 16).
You see here a book of Air.
b - 31 stones (gained 1)
b - 32 stones (gained 1)
A bullfrog skeleton is nearby!
Unknown command.
You hit the bullfrog skeleton.
The bullfrog skeleton is moderately damaged.
The bullfrog skeleton barely misses you.
The bullfrog skeleton misses you.
You hit the bullfrog skeleton but do no damage.
The bullfrog skeleton is moderately damaged.
The bullfrog skeleton barely misses you.
You hit the bullfrog skeleton but do no damage.
The bullfrog skeleton is moderately damaged.
The bullfrog skeleton hits you.
You barely miss the bullfrog skeleton.
The bullfrog skeleton is moderately damaged.
The bullfrog skeleton closely misses you.
You hit the bullfrog skeleton but do no damage.
The bullfrog skeleton is moderately damaged.
The bullfrog skeleton hits you.
The bullfrog skeleton barely misses you.
You hit the bullfrog skeleton.
The bullfrog skeleton is moderately damaged.
The bullfrog skeleton closely misses you.
You hit the bullfrog skeleton.
The bullfrog skeleton is moderately damaged.
The bullfrog skeleton hits you.
You hit the bullfrog skeleton.
The bullfrog skeleton is heavily damaged.
The bullfrog skeleton hits you.
* * * LOW HITPOINT WARNING * * *
The bullfrog skeleton hits you.
You die...

... #......§. ##≈......#
#(....≈≈.. .........##
##......≈..
#.§.......####.........#
#......................#
#......................#
#.#..≈≈..........≈≈..#
#.##..≈..........§..##
#.##............@Z.##
#.##.#.....≈......##
#....##...§≈≈....##
###<.######.####.#
.##..# #.# #.# .##..#
#.# #.# ..#..# #.# #.#
.##..# #.# #.#
.##..######.####.##


You could see a bullfrog skeleton.

Vanquished Creatures
  2 dart slugs
  3 ball pythons
  3 endoplasms
  3 goblins (D:1)
  4 hobgoblins
  3 kobolds
  3 quokkas (D:1)
  4 bats
  2 frilled lizards (D:1)
  A rat (D:1)
28 creatures vanquished.

Notes
Turn   | Place    | Note
-------+----------+-------------------------------------------
     0 | D:1      | porpoise the Djinni Venom Mage began the quest for the Orb.
     0 | D:1      | Reached XP level 1. HP: 15/15 MP: 0/0
   338 | D:1      | Reached skill level 1 in Fighting
   338 | D:1      | Reached XP level 2. HP: 17/22 MP: 0/0
   461 | D:1      | Reached skill level 3 in Spellcasting
   790 | D:1      | Found a faded altar of an unknown god.
  1106 | D:1      | Reached XP level 3. HP: 25/27 MP: 0/0
  1106 | D:1      | Learned a level 1 spell: Pain
  2160 | D:2      | Slain by a bullfrog skeleton

Illustrated notes

Levels and vault maps discovered:
D:1:      dpeg_arrival_round_c, layout_basic, basic_ecumenical_altar,
          minmay_misc_feat_four_crosses, nrook_mini_backslash
D:2:      layout_loops_ring, grunt_ministairs_9, kennysheep_decorative_pillar,
          minmay_hedge_maze, chequers_decorated_corner, hangedman_decor_opposing

Skill      XL: |  1  2 |
---------------+-------+-----
Fighting       | 1 |  1.9
Spellcasting   | 3 |  3.2
Dodging        | |  2.1
Stealth        | |  1.5

Action                   || total
-------------------------++-------
Melee: Hand axe          ||     4
       Dagger            ||    14
       Short sword       ||     4
Throw: Stone             ||     4
 Cast: Sting             ||    47
       Poisonous Vapours ||     3
       Pain              ||     7
Armor: Robe              ||     3
Dodge: Dodged            ||    18

Table legend: (Time is in decaauts)
 A = Elapsed time spent in this place.
 B = Non-inter-level travel time spent in this place.
 C = Inter-level travel time spent in this place.
 D = Time resting spent in this place.
 E = Time spent auto-exploring this place.
 F = Levels seen in this place.
 G = Mean time per level.
                   A        B        C        D        E       F      G
               +--------+--------+--------+--------+--------+-----+--------+
         Total |   2159 |   2109 |     50 |    993 |    887 |   2 | 1079.5 |
       Dungeon |   2159 |   2109 |     50 |    993 |    887 |   2 | 1079.5 |
               +--------+--------+--------+--------+--------+-----+--------+

Top non-repeatable levels by time:
     D:1: 1677 daAuts
     D:2: 481 daAuts
